 Dungeon Crawl Stone Soup version 0.19-a0-916-g8ae7e35 (webtiles) character file.

11 Implojin the Shield-Bearer (level 2, -1/26 HPs)
             Began as a Minotaur Fighter on July 5, 2016.
             Killed from afar by neil's ghost (7 damage)
             ... with a magic dart
             ... on level 3 of the Dungeon.
             The game lasted 00:00:46 (146 turns).

Implojin the Shield-Bearer (Minotaur Fighter)        Turns: 146, Time: 00:00:47

Health: -1/26      AC:  6    Str: 25    XL:     2   Next: 13%
Magic:  1/1        EV:  7    Int:  5    God:
Gold:   12         SH:  9    Dex:  9    Spells: 0 memorised, 1 level left

rFire  . . .     SeeInvis .     a - +0 war axe
rCold  . . .     Gourm    .     b - +0 scale mail
rNeg   . . .     Faith    .     c - +0 shield
rPois  .         Spirit   .     (helmet restricted)
rElec  .         Dismiss  .     (no cloak)
rCorr  .         Reflect  .     (no gloves)
SustAt .         Harm     .     (no boots)
MR     .....                    (no amulet)
Stlth  ..........               (no ring)
                                (no ring)

@: mighty, not resistant to hostile enchantments, extremely unstealthy
A: retaliatory headbutt, horns 2
a: no special abilities


You were on level 3 of the Dungeon.
You were not hungry.

You visited 1 branch of the dungeon, and saw 3 of its levels.

You collected 12 gold pieces.

Inventory:

Hand Weapons
 a - a +0 war axe (weapon)
 i - a +0 mace
Armour
 b - a +0 scale mail (worn)
 c - a +0 shield (worn)
Scrolls
 e - a scroll of recharging {unknown}
 h - a scroll of identify {unknown}
Potions
 g - a potion of haste {unknown}
Comestibles
 f - a bread ration


   Skills:
 - Level 3.6 Fighting
 * Level 3.4 Axes
 - Level 3.6 Armour
 - Level 3.6 Shields


You had one spell level left.
You didn't know any spells.

Dungeon Overview and Level Annotations

Branches:
Dungeon (3/15)

Altars:

Annotations:
D:3 neil's ghost, amateur SpCj


Innate Abilities, Weirdness & Mutations

You reflexively headbutt those who attack you in melee.
You have a pair of horns on your head.


Message History

A giant newt comes into view.
The giant gecko bites you but does no damage.
There is a stone staircase leading up here.
The giant gecko bites you.
* * * LOW HITPOINT WARNING * * *
You climb upwards.
There is a stone staircase leading down here.
You miss the giant gecko. Your headbutt misses the giant gecko.
You block the giant gecko's attack.
You closely miss the giant gecko. You block the giant gecko's attack. x2
You closely miss the giant gecko. The giant gecko bites you.
* * * LOW HITPOINT WARNING * * *
You block the giant gecko's attack.
You closely miss the giant gecko. The giant gecko bites you.
* * * LOW HITPOINT WARNING * * *
You barely miss the giant gecko. Your headbutt misses the giant gecko.
The giant gecko bites you.
* * * LOW HITPOINT WARNING * * *
The giant gecko bites you.
* * * LOW HITPOINT WARNING * * *
You barely miss the giant gecko. The giant gecko bites you.
* * * LOW HITPOINT WARNING * * *
The giant gecko bites you but does no damage.
Unknown command.
You miss the giant gecko. You block the giant gecko's attack.
You slash the giant gecko!
You kill the giant gecko!
You climb downwards.
There is a stone staircase leading up here.
Unknown command.
There is an escape hatch in the floor here.
You slide downwards.
The hatch slams shut behind you.
Neil's ghost (amateur Spriggan Conjurer) comes into view.
Neil's ghost turns its malevolent gaze towards you.
Unknown command.
Okay, then.
You feel very mighty all of a sudden.
Neil's ghost gestures at you while chanting.
The magic dart hits you!
You die...

## #. #.
##. ..
#. #.###
#@.#
#.#W#
......#
###.#..#
#.#..#
#.#..#
#.....
##...#


You could see neil's ghost.

Vanquished Creatures
  2 giant geckos
  A ball python (D:1)
  A goblin (D:1)
  2 hobgoblins
  A bat (D:1)
  A kobold (D:2)
8 creatures vanquished.

Notes
Turn   | Place    | Note
-------+----------+-------------------------------------------
     0 | D:1      | Implojin the Minotaur Fighter began the quest for the Orb.
     0 | D:1      | Reached XP level 1. HP: 19/19 MP: 0/0
   102 | D:1      | Reached skill level 3 in Axes
   122 | D:2      | Reached XP level 2. HP: 17/26 MP: 1/1
   144 | D:3      | Noticed neil's ghost (amateur SpCj)
   146 | D:3      | Killed from afar by neil's ghost

Vault maps used:
D:1:      minmay_arrival_plants_in_alcoves, eino_curves_01
D:2:      grunt_temple_overflow_open, lemuel_zombie_altar_yredelemnul,
          supply_closet_lemuel
D:3:      old_standard_altar

Skill      XL: |  1 |
---------------+----+-----
Axes           | 3 |  3.4
Fighting       | |  3.6
Armour         | |  3.6
Shields        | |  3.6

Action                   || total
-------------------------++-------
Melee: War axe           ||    28
       Headbutt          ||     1
  Use: Potion            ||     1
Armor: Scale mail        ||    34
Dodge: Dodged            ||     8
Block: Shield            ||    29

Table legend:
 A = Turns spent in this place as a percentage of turns spent in the entire game.
 B = Non-inter-level travel turns spent in this place as a percentage of non-inter-level travel turns spent in the entire game.
 C = Inter-level travel turns spent in this place as a percentage of turns spent in this place.
 D = Turns resting spent in this place as a percentage of non-inter-level travel turns spent in this place.
 E = Turns spent auto-exploring this place as a percentage of non-inter-level travel turns spent in this place.
 F = Non-inter-level travel turns spent in this place divided by the number of levels of this place that you've seen.
                   A       B       C       D       E      F
               +-------+-------+-------+-------+-------+----------------------
         Total | 100.0 | 100.0 |   0.0 |   0.0 |   0.0 |  49.0
       Dungeon | 100.0 | 100.0 |   0.0 |   0.0 |   0.0 |  49.0
               +-------+-------+-------+-------+-------+----------------------

Table legend:
 A = Kills in this place as a percentage of kills in entire the game.
 B = Kills by you in this place as a percentage of kills by you in the entire game.
 C = Kills by friends in this place as a percentage of kills by friends in the entire game.
 D = Other kills in this place as a percentage of other kills in the entire game.
 E = Experience gained in this place as a percentage of experience gained in the entire game.
 F = Experience gained in this place divided by the number of levels of this place that you have seen.
                   A       B       C       D       E      F
               +-------+-------+-------+-------+-------+----------------------
         Total | 100.0 | 100.0 |  -nan |  -nan | 100.0 |   5.3
       Dungeon | 100.0 | 100.0 |  -nan |  -nan | 100.0 |   5.3
               +-------+-------+-------+-------+-------+----------------------
